 Dungeon Crawl Stone Soup version 0.30-b1-2-g02819fbbbe (webtiles) character file.

Game seed: 15096633273647096195

8 Voryis the Conjurer (level 2, -1/19 HPs)
             Began as a Mummy Conjurer on June 12, 2023.
             Slain by a jackal (2 damage)
             ... on level 1 of the Dungeon.
             The game lasted 00:03:16 (492 turns).

Voryis the Conjurer (Mummy Conjurer)                 Turns: 492, Time: 00:03:17

Health: -1/19      AC:  2    Str: 10    XL:     2   Next: 0%
Magic:  2/5        EV: 17    Int: 17    God:
Gold:   36         SH:  0    Dex: 10    Spells: 5/6 levels left

rFire   x . .        e - +0 club
rCold   + . .        (no shield)
rNeg    + + +        a - +0 robe
rPois   ∞            (no helmet)
rElec   .            (no cloak)
rCorr   .            (no gloves)
SInv    .            (no boots)
Will    .....        (no amulet)
Stlth   ++           f - +5 ring of evasion
HPRegen 0.23/turn    (no ring)
MPRegen 0.09/turn

%: faith
@: no status effects
A: cold resistance 1, negative energy resistance 3, torment resistance 2, heat
vulnerability 1, no potions, faith
a: no special abilities


You were on level 1 of the Dungeon.
You visited 1 branch of the dungeon, and saw 1 of its levels.

You collected 36 gold pieces.

Inventory:

Hand Weapons
 e - a +0 club (weapon)
 h - a +0 short sword
 k - a +0 club
Missiles
 i - 7 stones
Armour
 a - a +0 robe (worn)
 b - a +0 ring mail
 c - a +0 robe
 d - a +0 leather armour
Jewellery
 f - a +5 ring of evasion (left hand)
Scrolls
 j - a scroll of poison {unknown}
Potions
 g - 2 potions of curing


   Skills:
 + Level 1.7 Dodging
 + Level 1.5 Stealth
 + Level 2.7 Spellcasting
 + Level 3.5 Conjurations


You had 5 spell levels left.
You knew the following spells:

 Your Spells              Type           Power      Damage    Failure   Level
a - Magic Dart            Conj           56%        1d5       4%          1

Your spell library contained the following spells:

 Spells                   Type           Power      Damage    Failure   Level
 Searing Ray              Conj           28%        2d5       6%          2
 Dazzling Flash           Conj/Hex       16%        N/A       26%         3
 Fulminant Prism          Conj/Hex       4%         3d5       65%         4
 Iskenderun's Mystic Bla  Conj/Tloc      8%         2d4       65%         4


Dungeon Overview and Level Annotations

Branches:
Dungeon (1/15)

Altars:


Innate Abilities, Weirdness & Mutations

You are immune to poison.
Your flesh is cold resistant. (rC+)
You are immune to negative energy. (rN+++)
You are immune to unholy pain and torment.
You are vulnerable to heat. (rF-)
You do not drink.
You have a special connection with the divine. (Faith)


Message History

You barely miss the jackal.
The jackal is heavily wounded.
The jackal bites you.
The jackal bites you but does no damage.
Unknown command.
Hit: e) +0 club
Press: ? - help, Dir - move target, f/p - jackal
Aim: a jackal (heavily wounded, about 53% to evade your +0 club)
You hit the jackal.
The jackal is almost dead.
The jackal closely misses you. x2
Unknown command.
Hit: e) +0 club
Press: ? - help, Dir - move target, f/p - jackal
Aim: a jackal (almost dead, about 53% to evade your +0 club)
You completely miss the jackal.
The jackal is almost dead.
The jackal closely misses you. The jackal barely misses you.
Hit: e) +0 club
Press: ? - help, Dir - move target, f/p - jackal
Aim: a jackal (almost dead, about 53% to evade your +0 club)
You barely miss the jackal.
The jackal is almost dead.
The jackal bites you. x2
* * * LOW HITPOINT WARNING * * *
Unknown command.
Unknown command.
f - a +5 ring of evasion (left hand)
The jackal bites you.
Keep disrobing? [Y]es or [N]o only, please.
Keep disrobing? [Y]es or [N]o only, please.
Keep disrobing?
Uppercase [Y]es or [N]o only, please.
Keep disrobing?
You stop removing your armour.
* * * LOW HITPOINT WARNING * * *
The jackal bites you.
You die...

#...............#####.########.#
#..............................##
#................##.#............
#..........#####.##.#############
#..........# #.##.. .....
#..........# #.##.## #####
#..........# #.##.# #..........#
#.##.# ############ #@##.# #h#
#h# #.# #.# #.# #.# #..


You could see 2 jackals.

Vanquished Creatures
  A quokka (D:1)
  A ball python (D:1)
  3 bats (D:1)
  A frilled lizard (D:1)
  A goblin (D:1)
  A kobold (D:1)
  2 rats (D:1)
10 creatures vanquished.

Notes
Turn   | Place    | Note
-------+----------+-------------------------------------------
     0 | D:1      | Voryis the Mummy Conjurer began the quest for the Orb.
     0 | D:1      | Reached XP level 1. HP: 13/13 MP: 4/4
   343 | D:1      | Reached XP level 2. HP: 7/19 MP: 0/5
   492 | D:1      | Slain by a jackal

Illustrated notes

Levels and vault maps discovered:
D:1:      dpeg_arrival_line_fractal, layout_basic

Action                     || total
---------------------------++-------
  Melee: Club              ||    25
         Unarmed           ||     1
         Punch             ||     1
   Cast: Magic Dart        ||    20
    Use: Scroll            ||     2
 Armour: Robe              ||    10
  Dodge: Dodged            ||    31
